 Dungeon Crawl Stone Soup version 0.21-a0-364-gbd1fde4 (webtiles) character file.

4530 KonductKing the Frost Mage (level 10, -7/81 HPs)
             Began as a Troll Ice Elementalist on Oct 14, 2017.
             Was a Believer of Vehumet.
             Killed from afar by an orc (25 damage)
             ... with a wand of lightning (?/15)
             ... on level 9 of the Dungeon.
             The game lasted 00:33:12 (12930 turns).

KonductKing the Frost Mage (TrIE)                  Turns: 12930, Time: 00:33:12

Health: -7/81      AC:  7    Str: 18    XL:     10   Next: 17%
Magic:  10/21      EV: 10    Int: 14    God:    Vehumet [**....]
Gold:   526        SH:  0    Dex: 10    Spells: 2/14 levels left

rFire    . . .     SeeInvis .   b - +3 dagger (elec)
rCold    . . .     Gourm    +   (no shield)
rNeg     + . .     Faith    .   q - +2 robe {rN+}
rPois    .         Spirit   .   (helmet restricted)
rElec    .         Reflect  .   (no cloak)
rCorr    .         Harm     .   (gloves unavailable)
MR       .....                  (boots unavailable)
Stlth    +.........             A - amulet of magic regeneration
HPRegen  0.63/turn              k - ring of wizardry
MPRegen  0.42/turn              z - ring of magical power

@: lethally poisoned (-7 -> -13)
A: unfitting armour, claws 3, fast metabolism 3, gourmand, regeneration 1,
shaggy fur 1, tough skin 2
a: Renounce Religion


You were on level 9 of the Dungeon.
You worshipped Vehumet.
Vehumet was pleased with you.
You were not hungry.

You visited 2 branches of the dungeon, and saw 10 of its levels.

You collected 526 gold pieces.

Inventory:

Hand Weapons
 a - a +2 dagger of venom
 b - a +3 dagger of electrocution (weapon)
Missiles
 H - 69 arrows
Armour
 h - a +0 robe
 q - a +2 robe of positive energy (worn)
Jewellery
 k - a ring of wizardry (left claw)
 m - an uncursed ring of protection from magic
 z - a ring of magical power (right claw)
 A - an amulet of magic regeneration (around neck)
 E - an uncursed ring of wizardry
Scrolls
 d - 4 scrolls of remove curse
 j - 4 scrolls of magic mapping
 l - a scroll of enchant weapon
 p - 2 scrolls of amnesia
 r - 2 scrolls of teleportation
 w - 5 scrolls of identify
Potions
 e - 2 potions of cancellation
 n - 2 potions of resistance {unknown}
 o - 2 potions of ambrosia {unknown}
 t - 2 potions of brilliance {unknown}
 u - 2 potions of agility {unknown}
 v - 2 potions of flight {unknown}
 x - a potion of haste {unknown}
 D - a potion of berserk rage {unknown}
 I - a potion of might {unknown}
 J - a potion of curing
Books
 y - a book of Callings

   Spells                             Type                      Level
   a - Summon Small Mammal            Summoning                    1
   b - Call Imp                       Summoning                    2
   c - Call Canine Familiar           Summoning                    3
   d - Summon Guardian Golem          Hexes/Summoning              3
   e - Summon Lightning Spire         Summoning/Air                4
   f - Summon Ice Beast               Ice/Summoning                4
 G - a book of Frost

   Spells                             Type                      Level
   a - Freeze                         Ice                          1
   b - Throw Frost                    Conjuration/Ice              2
   c - Ozocubu's Armour               Charms/Ice                   3
   d - Throw Icicle                   Conjuration/Ice              4
   e - Summon Ice Beast               Ice/Summoning                4
Comestibles
 c - 6 bread rations
 i - 12 royal jellies


   Skills:
 - Level 1.5 Dodging
 - Level 1.0 Stealth
 - Level 2.5 Spellcasting
 * Level 4.4 Conjurations
 + Level 5.7 Summonings
 + Level 8.6 Ice Magic


You had 2 spell levels left.
You knew the following spells:

 Your Spells              Type           Power        Failure   Level  Hunger
a - Freeze                Ice            ####         1%          1    #......
b - Summon Ice Beast      Ice/Summ       ###.....     4%          4    #####..
c - Throw Icicle          Conj/Ice       ###.....     6%          4    #####..
d - Call Canine Familiar  Summ           ###.....     2%          3    ###....


Dungeon Overview and Level Annotations

Branches:
Dungeon (9/15)             Temple (1/1) D:5
   Lair: D:8-11         Orc: D:9-12

Altars:
Ashenzari
Cheibriados
Dithmenos
Elyvilon
Fedhas
Gozag
Hepliaklqana
Kikubaaqudgha
Makhleb
Nemelex Xobeh
Okawaru
Qazlal
Ru
Sif Muna
Trog
Uskayaw
Vehumet
Wu Jian
Xom
Yredelemnul
The Shining One

Shops:
D:4 *

Annotations:
D:3 Duskembrace's ghost, amateur HaMo
D:9 Maurice
Temple exclusion: upstairs


Innate Abilities, Weirdness & Mutations

You are too large for most types of armour.
You have claws for hands.
Your metabolism is lightning-fast.
You like to eat raw meat.
Your natural rate of healing is unusually fast.
You are covered in fur. (AC +1)
You have very tough skin. (AC +2)


Message History

The shard of ice hits the orc.
You are starving!
You feel sick.
Your hound bites the orc.
The orc zaps a wand.
The bolt of lightning hits your ice beast.
Your ice beast dies!
The bolt of lightning misses you. The orc hits your hound with a flail!
Your hound bites the orc.
The orc dies!
Vehumet accepts your kill.
You take 2 damage, and have 19/81 hp.
You now have 10/21 mp.
A flail.
There is something else lying underneath.
The floor.
Here: an orc, carrying a wand of lightning (?/15) {zapped: 2} The floor.
You don't have the energy to cast that spell.
You don't have the energy to cast that spell.
You eat one of the 13 royal jellies.
That royal jelly was delicious!
You feel sick.
The orc zaps a wand.
The bolt of lightning hits you!
You die...

########## #........#
####........# ###
#...........# #..
#...........# #.#
#...........# #.#
#...........# #.#
#.h).@.######## #.#
#..)).........# #.#
#oo###.######.# #.# ##.# #.#
#.#.# #.# ###.###.####.#.#
#.. #.....#......#.########
######(########.#......<.)
##....#o#..ยง.###.#..[.)....
#....#...#O...##....[......


You could see 2 orcs and a friendly hound.

Vanquished Creatures
  A queen bee (D:8)
  A troll (D:8)
  A hungry ghost (D:8)
  A steam dragon (D:7)
  A black bear (D:6)
  An orc warrior (D:7)
  A sky beast (D:6)
  An ice beast (D:8)
  An ogre (D:5)
  A phantom (D:8)
  3 centaurs
  A crocodile (D:9)
  A gnoll sergeant (D:5)
  2 bullfrogs (D:6)
  A scorpion (D:4)
  A killer bee (D:8)
  A howler monkey (D:5)
  5 crimson imps
  A bullfrog zombie (D:9)
  An orc priest (D:4)
  2 hounds
  Jessica (D:2)
  6 orc wizards
  2 iguanas (D:9)
  A killer bee zombie (D:7)
  A worker ant zombie (D:9)
  A howler monkey zombie (D:7)
  A gnoll (D:5)
  11 adders
  A shadow imp (D:9)
  A white imp (D:8)
  An ooze (D:1)
  2 adder skeletons
  3 worms
  A dart slug (D:2)
  3 leopard geckos
  20 orcs
  4 ball pythons
  4 giant cockroaches
  6 goblins
  9 hobgoblins
  10 jackals
  9 kobolds
  A quokka (D:9)
  13 bats
  4 frilled lizards
  A jackal zombie (D:6)
  2 leopard gecko skeletons
  10 rats
158 creatures vanquished.

Vanquished Creatures (collateral kills)
  3 two-headed ogres
  A hippogriff (D:9)
  A hungry ghost (D:9)
  2 orc warriors (D:9)
  A black bear (D:6)
  A phantom (D:5)
  An ice beast (D:8)
  A necrophage (D:8)
  2 centaurs
  3 ogres
  A bullfrog (D:6)
  A scorpion (D:8)
  12 killer bees
  2 crimson imps (D:8)
  A bullfrog zombie (D:8)
  2 jellies
  2 hounds (D:8)
  2 orc priests
  2 gnolls (D:5)
  4 adders
  6 orcs
  A giant cockroach (D:5)
  A quokka (D:9)
53 creatures vanquished.

Grand Total: 211 creatures vanquished

Notes
Turn   | Place    | Note
-------+----------+-------------------------------------------
     0 | D:1      | KonductKing the Troll Ice Elementalist began the quest for the Orb.
     0 | D:1      | Reached XP level 1. HP: 16/16 MP: 1/1
   317 | D:1      | Reached XP level 2. HP: 24/24 MP: 0/3
   894 | D:1      | Reached XP level 3. HP: 29/31 MP: 1/4
  1471 | D:1      | Reached skill level 3 in Ice Magic
  1980 | D:2      | Reached XP level 4. HP: 39/39 MP: 1/5
  2456 | D:2      | Noticed Jessica
  2469 | D:2      | Killed Jessica
  2613 | D:2      | Learned a level 4 spell: Summon Ice Beast
  2921 | D:2      | Found an iron altar of Okawaru.
  3047 | D:2      | Reached XP level 5. HP: 42/45 MP: 3/7
  3430 | D:3      | Found a shimmering altar of Xom.
  3446 | D:3      | Reached skill level 4 in Ice Magic
  3812 | D:3      | Reached skill level 1 in Summonings
  4122 | D:3      | Noticed Duskembrace's ghost (amateur HaMo)
  4256 | D:4      | Found Linoh's Assorted Antiques.
  4280 | D:4      | Reached XP level 6. HP: 38/53 MP: 1/8
  5094 | D:4      | Noticed a moth of wrath
  5117 | D:4      | Found a bloodstained altar of Trog.
  5382 | D:4      | Found an ornate altar of the Wu Jian Council.
  5511 | D:4      | noice
  5527 | D:4      | Learned a level 4 spell: Throw Icicle
  5549 | D:4      | Found a stormy altar of Qazlal.
  5656 | D:5      | Entered Level 5 of the Dungeon
  5759 | D:5      | Found a basalt altar of Yredelemnul.
  5810 | D:5      | Reached XP level 7. HP: 23/59 MP: 0/9
  6097 | D:5      | Reached skill level 5 in Ice Magic
  7121 | D:5      | Found a staircase to the Ecumenical Temple.
  7297 | Temple   | Entered the Ecumenical Temple
  7464 | Temple   | Became a worshipper of Vehumet
  8148 | D:6      | Reached skill level 6 in Ice Magic
  8148 | D:6      | Reached XP level 8. HP: 47/67 MP: 6/10
  8796 | D:6      | Reached * piety under Vehumet
  8796 | D:6      | Offered knowledge of Flame Tongue by Vehumet.
  9003 | D:6      | Found an iron altar of Okawaru.
  9487 | D:7      | Reached skill level 7 in Ice Magic
 10077 | D:8      | Learned a level 3 spell: Call Canine Familiar
 10270 | D:8      | Noticed a queen bee
 10367 | D:7      | Reached XP level 9. HP: 45/74 MP: 3/11
 10634 | D:8      | Killed a queen bee
 10738 | D:8      | Reached skill level 8 in Ice Magic
 10859 | D:8      | Reached skill level 1 in Conjurations
 11063 | D:8      | Offered knowledge of Sting by Vehumet.
 11099 | D:8      | Found a white marble altar of Elyvilon.
 11145 | D:8      | Reached ** piety under Vehumet
 11371 | D:9      | Reached skill level 5 in Summonings
 11400 | D:9      | Got a translucent war axe
 11401 | D:9      | Identified the +4 war axe of the Special Queens {freeze, rF+ rN+} (You found it on level 9 of the Dungeon)
 11446 | D:9      | Noticed a two-headed ogre
 11454 | D:9      | Noticed a two-headed ogre
 11746 | D:9      | Noticed a two-headed ogre
 11762 | D:9      | Killed a two-headed ogre
 11852 | D:9      | Noticed a two-headed ogre
 11860 | D:9      | Noticed Maurice
 11881 | D:9      | Killed a two-headed ogre
 12065 | D:9      | Noticed a troll
 12106 | D:8      | Killed a troll
 12339 | D:8      | Killed a two-headed ogre
 12339 | D:8      | Reached XP level 10. HP: 66/81 MP: 12/12
 12930 | D:9      | Killed from afar by an orc

Vault maps used:
D:1:      shiori_arrival_oz, hex_large
D:2:      okawaru_ov_weapons_minmay, first_bread, uniq_jessica
D:3:      kb_forest_paths, led_xom_imps
D:4:      nicolae_qazlal_eye_of_the_storm, old_standard_altar, serial_shops,
          shop, tgw_trog
D:5:      yredelemnul_altar_generic, minmay_temple_entry_enclosed_plants,
          hangedman_decor_clover_reticule, grunt_ministairs_10, st_stairs_9,
          lightli_minifort
D:6:      black_bear_nest_1, basic_altar
D:7:      eino_small_chamber_without_monster, supply_closet_lemuel
D:8:      lemuel_round_altar, david_nohive_1, minmay_fire_ice_demons
D:9:      kennysheep_ambush_hall, lemuel_round_altar, uniq_maurice
Temple:   eino_temple_scatter_basement

Skill      XL: |  1  2  3  4  5  6  7  8  9 |
---------------+----------------------------+-----
Ice Magic      | 3 4 6 7 8 |  8.6
Spellcasting   | 2 |  2.5
Summonings     | 1 2 3 4 5 |  5.7
Conjurations   | 4 |  4.4
Dodging        | |  1.5
Stealth        | |  1.0

Action                   |  1- 3 |  4- 6 |  7- 9 | 10-12 || total
-------------------------+-------+-------+-------+-------++-------
Melee: Unarmed           |    71 |    72 |       |       ||   143
       Dagger            |       |    58 |   162 |    41 ||   261
 Cast: Freeze            |    46 |   101 |    79 |       ||   226
       Summon Ice Beast  |       |     2 |    78 |    13 ||    93
       Call Canine Famil |       |       |    28 |     7 ||    35
       Throw Icicle      |       |       |       |     2 ||     2
  Use: Scroll            |       |     7 |     6 |       ||    13
       Potion            |       |     3 |     2 |       ||     5
 Stab: Distracted        |       |     1 |     2 |       ||     3
       Sleeping          |       |     1 |       |       ||     1
  Eat: Chunk             |    25 |    37 |    59 |     7 ||   128
       Fruit             |       |       |     2 |       ||     2
       Meat ration       |       |       |     5 |       ||     5
       Royal jelly       |       |       |       |     2 ||     2
Armor: Robe              |    66 |    83 |   106 |    16 ||   271
Dodge: Dodged            |    78 |    97 |   178 |    28 ||   381

Table legend:
 A = Spawn XP
 B = Non-spawn XP
 C = Spawn XP percentage of total XP
 D = Spawn monster count
 E = Non-spawn monster count
 F = Spawn count percentage of total count
 G = Total turns spent on level
                    A         B        C        D         E        F      G
               +---------+---------+-------+---------+---------+-------+---------
         Total |       0 |    6472 |   0.0 |       0 |     211 |   0.0 | 12930
               +---------+---------+-------+---------+---------+-------+---------
           D:1 |       0 |      53 |   0.0 |       0 |      29 |   0.0 |  1661
           D:2 |       0 |     159 |   0.0 |       0 |      35 |   0.0 |  1742
           D:3 |       0 |     120 |   0.0 |       0 |       9 |   0.0 |   759
           D:4 |       0 |     296 |   0.0 |       0 |      28 |   0.0 |  1562
           D:5 |       0 |     677 |   0.0 |       0 |      24 |   0.0 |  2053
           D:6 |       0 |     712 |   0.0 |       0 |      19 |   0.0 |  1117
           D:7 |       0 |     508 |   0.0 |       0 |      11 |   0.0 |  1223
           D:8 |       0 |    2243 |   0.0 |       0 |      34 |   0.0 |  1882
           D:9 |       0 |    1704 |   0.0 |       0 |      22 |   0.0 |   747
               +---------+---------+-------+---------+---------+-------+---------
